 Dungeon Crawl Stone Soup version 0.20-a0-959-gdc9e609 (webtiles) character file.

30957 Alarkh the Bludgeoner (level 13, -3/135 HPs)
             Began as an Ogre Monk on Apr 6, 2017.
             Was a High Priest of Okawaru.
             Slain by a spiny frog (4 damage)
             ... on level 5 of the Lair of Beasts.
             The game lasted 00:28:39 (24616 turns).

Alarkh the Bludgeoner (Ogre Monk)                  Turns: 24616, Time: 00:28:40

Health: -3/135     AC:  9    Str: 18    XL:     13   Next: 55%
Magic:  13/15      EV: 16    Int: 15    God:    Okawaru [*****.]
Gold:   1091       SH:  0    Dex: 11    Spells: 11/12 levels left

rFire    . . .     SeeInvis .   a - +8 giant spiked club of Waehi {crush, rC+ MR++}
rCold    . . .     Gourm    .   (shield currently unavailable)
rNeg     . . .     Faith    .   O - +1 animal skin "Xily" {rPois rC- MR+}
rPois    +         Spirit   .   (helmet restricted)
rElec    .         Reflect  .   A - +2 cloak
rCorr    .         Harm     .   (gloves unavailable)
MR       ++++.                  (boots unavailable)
Stlth    ++++......             s - amulet of magic regeneration
Regen    0.4/turn               (no ring)
MPRegen  0.3/turn               (no ring)

@: heroism
A: unfitting armour, hooves 1, iridescent scales 1, low mp 2, mutation
resistance 1, sense surroundings 1, tough skin 1
a: Heroism, Finesse, Renounce Religion


You were on level 5 of the Lair of Beasts.
You worshipped Okawaru.
Okawaru was extremely pleased with you.
You were hungry.

You visited 3 branches of the dungeon, and saw 16 of its levels.
You also visited: Sewer, Ossuary and Volcano.

You collected 1091 gold pieces.

Inventory:

Hand Weapons
 a - the +8 giant spiked club of Waehi (weapon) {crush, rC+ MR++}
   (Okawaru gifted it to you on level 8 of the Dungeon)

   It inflicts extra damage upon your enemies.
   It protects you from cold.
   It affects your resistance to hostile enchantments.
Armour
 u - the +2 shield of Resistance {rF+ rC+ MR+}
   (You found it on level 3 of the Lair of Beasts)

   It protects you from fire.
   It protects you from cold.
   It affects your resistance to hostile enchantments.
 A - a +2 cloak (worn)
 N - a +2 robe of fire resistance
 O - the +1 animal skin "Xily" (worn) {rPois rC- MR+}
   (Okawaru gifted it to you in a volcano)

   It makes you vulnerable to cold.
   It protects you from poison.
   It affects your resistance to hostile enchantments.
Magical Staves
 g - an uncursed staff of power
 o - an uncursed staff of cold
Jewellery
 h - an uncursed amulet of harm
 s - an amulet of magic regeneration (around neck)
Wands
 v - a wand of digging (2/24)
 w - a wand of paralysis (16/24)
 D - a wand of iceblast (9/15)
 P - a wand of paralysis (6/24)
Scrolls
 c - 2 scrolls of fear
 e - 2 scrolls of identify
 f - 7 scrolls of remove curse
 j - 4 scrolls of blinking
 l - a scroll of torment
 m - 3 scrolls of fog
 n - 3 scrolls of teleportation
 t - a scroll of recharging
 x - a scroll of vulnerability {unknown}
 E - a scroll of magic mapping
Potions
 k - a potion of ambrosia
 r - 2 potions of curing
 z - a potion of might
 B - a potion of brilliance
 C - 2 potions of flight
 I - a potion of berserk rage
 J - 2 potions of resistance
Books
 i - a book of Cantrips

   Spells                             Type                      Level
   a - Confusing Touch                Hexes                        1
   b - Animate Skeleton               Necromancy                   1
   c - Summon Small Mammal            Summoning                    1
   d - Apportation                    Translocation                1
 q - a book of Clouds

   Spells                             Type                      Level
   a - Poisonous Vapours              Poison/Air                   2
   b - Mephitic Cloud                 Conjuration/Poison/Air       3
   c - Conjure Flame                  Conjuration/Fire             3
   d - Freezing Cloud                 Conjuration/Ice/Air          6
   e - Ring of Flames                 Charms/Fire                  7
 y - a book of Necromancy

   Spells                             Type                      Level
   a - Pain                           Necromancy                   1
   b - Animate Skeleton               Necromancy                   1
   c - Vampiric Draining              Necromancy                   3
   d - Regeneration                   Charms/Necromancy            3
   e - Animate Dead                   Necromancy                   4
   f - Control Undead                 Necromancy                   4
Miscellaneous
 L - a phial of floods
Comestibles
 b - 7 bread rations
 d - 9 fruits
 p - 2 royal jellies
 F - 3 chunks of flesh


   Skills:
 + Level 10.5(15.5) Fighting
 * Level 16.4(21.4) Maces & Flails
 + Level 7.3(12.3) Dodging
 + Level 4.0(9.0) Stealth
 - Level 8.0 Invocations


You had 11 spell levels left.
You knew the following spells:

 Your Spells              Type           Power        Failure   Level  Hunger
a - Apportation           Tloc           #.....       28%         1    ##.....


Dungeon Overview and Level Annotations

Branches:
Dungeon (9/15)             Temple (1/1) D:4            Lair (6/6) D:8
  Swamp (0/4) Lair:2        Snake (0/4) Lair:3          Orc (0/2) D:9
  Slime: Lair:5-6

Altars:
Ashenzari
Cheibriados
Dithmenos
Elyvilon
Fedhas
Gozag
Hepliaklqana
Kikubaaqudgha
Makhleb
Nemelex Xobeh
Okawaru
Qazlal
Ru
Sif Muna
Trog
Uskayaw
Vehumet
Wu Jian
Yredelemnul
Zin
The Shining One


Innate Abilities, Weirdness & Mutations

You are too large for most types of armour.
You have tough skin. (AC +1)
You have large cloven feet.
You are partially covered in iridescent scales. (AC +2)
Your magical capacity is very low. (-20% MP)
You are somewhat resistant to further mutation.
You passively map a small area around you.


Message History

The spiny frog poisons you!
You gain the combat prowess of a mighty hero.
You feel very sick. The spiny frog misses you.
The spiny frog closely misses you. The spiny frog stings you!!
* * * LOW HITPOINT WARNING * * *
You bludgeon the spiny frog!!
You kill the spiny frog!
Okawaru accepts your kill.
Your base Stealth skill increases to level 4!
* * * LOW HITPOINT WARNING * * *
You feel sick.
You feel better. The spiny frog completely misses you.
The spiny frog stings you!
* * * LOW HITPOINT WARNING * * *
You are feeling hungry.
You bludgeon the spiny frog!!
The spiny frog is heavily wounded.
The spiny frog stings you.
You die...

#P.......#...#.###P..
#.P......##..### ##..
##........#...# #...
#.........##..# #...
##........#########..
#..........#.#.#....
#...................
#.F.................
#.[@....>...........
#.†..[..............
#...................
#...................
#...................
##.###..#..#.####..#
### ######### ####


You could see a spiny frog.

Vanquished Creatures
  Harold (Lair:2)
  Josephine (Lair:5)
  Fannar (Lair:3)
  A dancing weapon (Volcano)
  5 death yaks (Lair:2)
  A two-headed ogre (D:8)
  A queen ant (D:8)
  Urug (Lair:5)
  5 wizards (Volcano)
  The ghost of inmateoo the Conjurer, a novice DsCj of Vehumet (D:6)
  2 black mambas
  5 toenail golems (Volcano)
  8 spiny frogs
  Maurice (D:8)
  A rime drake (Lair:3)
  2 komodo dragons
  2 polar bears
  A hornet (Lair:6)
  4 blink frogs (Lair:3)
  5 hippogriffs
  3 wyverns
  4 wraiths (Lair:5)
  Eustachio (D:5)
  2 basilisks
  7 yaks
  3 hogs (D:7)
  A hungry ghost (D:8)
  A human (D:7)
  A steam dragon (D:8)
  12 soldier ants (D:8)
  2 nagas (Lair:3)
  5 porcupines
  2 hell hounds (Lair:1)
  4 water moccasins
  4 ice beasts
  4 sky beasts
  2 phantoms (D:7)
  The ghost of Alarkh the Chopper, an amateur DsSk (D:3)
  6 wolves (Lair:2)
  3 centaurs
  7 crocodiles
  A big kobold (D:9)
  12 bullfrogs
  3 water moccasin zombies
  3 scorpions
  6 killer bees (D:7)
  5 wights (D:8)
  4 electric eels
  4 howler monkeys
  2 vampire bats (Lair:5)
  3 bullfrog zombies
  3 crimson imps
  A human zombie (Ossuary)
  4 centaur zombies
  2 centaur skeletons
  4 hounds
  A jelly (D:6)
  2 orc priests
  A bullfrog skeleton (D:5)
  11 orc wizards
  38 worker ants
  A big kobold zombie (Ossuary)
  A hound skeleton (D:6)
  4 mummies (Ossuary)
  2 worker ant zombies (D:6)
  10 gnolls
  13 adders
  3 shadow imps
  2 oozes
  2 adder zombies (D:6)
  An adder skeleton (D:4)
  4 worms
  3 dart slugs
  4 leopard geckos
  48 orcs
  15 giant cockroaches
  A gnoll zombie (Ossuary)
  7 goblins
  7 hobgoblins
  6 jackals
  2 quokkas
  4 ball pythons (Sewer)
  13 bats
  12 frilled lizards
  2 goblin zombies (Ossuary)
  A hobgoblin zombie (Ossuary)
  A jackal zombie (D:6)
  8 kobolds
  A leopard gecko skeleton (D:4)
  A leopard gecko zombie (D:6)
  A quokka skeleton (D:6)
  8 rats
422 creatures vanquished.

Vanquished Creatures (others)
  A kobold (D:9)
  11 bushes (Lair:2)
  6 fungi
  2 plants
20 creatures vanquished.

Grand Total: 442 creatures vanquished

Notes
Turn   | Place    | Note
-------+----------+-------------------------------------------
     0 | D:1      | Alarkh the Ogre Monk began the quest for the Orb.
     0 | D:1      | Reached XP level 1. HP: 27/27 MP: 1/1
   203 | D:1      | Reached XP level 2. HP: 35/35 MP: 2/2
   784 | D:2      | Reached skill level 1 in Maces & Flails
   784 | D:2      | Reached XP level 3. HP: 18/44 MP: 3/3
  1068 | D:2      | Found a glowing golden altar of the Shining One.
  1416 | D:2      | HP: 3/66 [poisoned by an adder]
  1772 | D:2      | Reached skill level 2 in Maces & Flails
  1883 | D:2      | Reached XP level 4. HP: 41/52 MP: 4/4
  2456 | D:3      | Noticed Alarkh's ghost (amateur DsSk)
  2523 | D:3      | Reached skill level 3 in Maces & Flails
  2993 | D:3      | Reached XP level 5. HP: 37/59 MP: 5/5
  3839 | D:3      | Reached skill level 4 in Maces & Flails
  4395 | D:4      | Found a staircase to the Ecumenical Temple.
  4454 | Temple   | Entered the Ecumenical Temple
  4667 | Temple   | Became a worshipper of Warmaster Okawaru
  4667 | Temple   | Reached * piety under Okawaru
  4667 | Temple   | Reached ** piety under Okawaru
  4796 | D:4      | Reached XP level 6. HP: 47/67 MP: 6/6
  5290 | D:4      | Reached skill level 5 in Maces & Flails
  6567 | D:5      | Entered Level 5 of the Dungeon
  6576 | D:5      | Reached XP level 7. HP: 56/74 MP: 7/7
  6592 | D:5      | Reached skill level 6 in Maces & Flails
  6823 | D:5      | Found a sand-covered staircase.
  6826 | D:5      | Noticed Eustachio
  6832 | Ossuary  | Entered an ossuary
  7594 | Ossuary  | Reached skill level 7 in Maces & Flails
  7663 | D:5      | Killed Eustachio
  7663 | D:5      | Reached XP level 8. HP: 50/83 MP: 8/8
  7860 | D:5      | Reached skill level 8 in Maces & Flails
  8105 | D:5      | Reached *** piety under Okawaru
  8596 | D:5      | Found a white marble altar of Elyvilon.
  8838 | D:6      | Reached skill level 9 in Maces & Flails
  9122 | D:6      | Found a glowing drain.
  9221 | Sewer    | Entered a sewer
  9989 | D:6      | Reached XP level 9. HP: 51/89 MP: 9/9
 10273 | D:6      | Reached skill level 10 in Maces & Flails
 10638 | D:6      | Noticed inmateoo's ghost (novice DsCj)
 10658 | D:6      | Killed inmateoo's ghost
 10658 | D:6      | Reached **** piety under Okawaru
 10790 | D:6      | Found a glowing silver altar of Zin.
 10792 | D:6      | Found a shattered altar of Ashenzari.
 10972 | D:7      | Gained mutation: You are partially covered in iridescent scales. (AC +2) [mutagenic meat]
 10973 | D:7      | Gained mutation: Your magical capacity is low. (-10% MP) [mutagenic meat]
 10974 | D:7      | Gained mutation: You are somewhat resistant to further mutation. [mutagenic meat]
 10975 | D:7      | Gained mutation: You have large cloven feet. [mutagenic meat]
 10976 | D:7      | Gained mutation: Your magical capacity is very low. (-20% MP) [mutagenic meat]
 11178 | D:7      | Reached skill level 11 in Maces & Flails
 11448 | D:7      | Found a burning altar of Makhleb.
 11873 | D:7      | Found a glowing golden altar of the Shining One.
 12353 | D:7      | Learned a level 1 spell: Apportation
 12391 | D:7      | Gained mutation: You passively map a small area around you. [mutagenic meat]
 12453 | D:7      | Reached ***** piety under Okawaru
 12728 | D:7      | Reached skill level 12 in Maces & Flails
 12741 | D:7      | Reached XP level 10. HP: 67/98 MP: 8/8
 13188 | D:7      | Received a gift from Okawaru
 13468 | D:8      | Found a staircase to the Lair.
 13806 | D:8      | Reached skill level 13 in Maces & Flails
 14000 | D:8      | Noticed a queen ant
 14023 | D:8      | Killed a queen ant
 14025 | D:8      | Received a gift from Okawaru
 14026 | D:8      | Got a twisted giant spiked club {god gift}
 14027 | D:8      | Identified the +8 giant spiked club of Waehi {crush, rC+ MR++} (Okawaru gifted it to you on level 8 of the Dungeon)
 14030 | D:8      | Reached skill level 1 in Invocations
 14065 | D:8      | Reached XP level 11. HP: 41/105 MP: 10/10
 14068 | D:8      | Reached skill level 14 in Maces & Flails
 14468 | D:8      | Received a gift from Okawaru
 15187 | D:8      | Found a bloodstained altar of Trog.
 15236 | D:8      | Noticed Maurice
 15236 | D:8      | Noticed a two-headed ogre
 15242 | D:8      | Killed a two-headed ogre
 15245 | D:8      | Killed Maurice
 16089 | D:9      | Reached skill level 5 in Invocations
 16481 | D:3      | Killed Alarkh's ghost
 16681 | Lair:1   | Entered Level 1 of the Lair of Beasts
 16961 | Lair:1   | Found a dark tunnel.
 17105 | Volcano  | Entered a volcano
 17124 | Volcano  | Noticed a wizard
 17127 | Volcano  | Killed a wizard
 17147 | Volcano  | Noticed a wizard
 17149 | Volcano  | Killed a wizard
 17149 | Volcano  | Received a gift from Okawaru
 17212 | Volcano  | Noticed a mace of flaming
 17216 | Volcano  | Killed a mace of flaming
 17322 | Volcano  | Noticed a wizard
 17322 | Volcano  | Noticed a wizard
 17331 | Volcano  | Killed a wizard
 17331 | Volcano  | Reached skill level 15 in Maces & Flails
 17331 | Volcano  | Reached XP level 12. HP: 78/118 MP: 11/13
 17336 | Volcano  | Reached skill level 5 in Dodging
 17511 | Volcano  | Received a gift from Okawaru
 17516 | Volcano  | Got a warped animal skin {god gift}
 17554 | Volcano  | Identified the +1 animal skin "Xily" {rPois rC- MR+} (Okawaru gifted it to you in a volcano)
 19021 | Lair:2   | Noticed Harold
 19033 | Lair:2   | Killed Harold
 19047 | Lair:2   | Found a staircase to the Swamp.
 19320 | Lair:2   | Noticed a death yak
 19321 | Lair:2   | Noticed a death yak
 19323 | Lair:2   | Noticed a death yak
 19324 | Lair:2   | Noticed a death yak
 19326 | Lair:2   | Noticed a death yak
 19333 | Lair:2   | Killed a death yak
 19337 | Lair:2   | Killed a death yak
 19340 | Lair:2   | Killed a death yak
 19346 | Lair:2   | Killed a death yak
 19747 | Lair:2   | Killed a death yak
 20047 | Lair:3   | Reached XP level 13. HP: 23/131 MP: 15/15
 20056 | Lair:3   | Received a gift from Okawaru
 20057 | Lair:3   | Got a jewelled great sword {god gift}
 20684 | Lair:3   | Found a staircase to the Snake Pit.
 20690 | Lair:3   | Reached skill level 16 in Maces & Flails
 21102 | Lair:3   | Noticed Fannar
 21108 | Lair:3   | Killed Fannar
 22069 | Lair:4   | Found a hazy altar of Hepliaklqana.
 22090 | Lair:4   | Reached skill level 10 in Fighting
 23672 | Lair:5   | Noticed Urug
 23679 | Lair:5   | Killed Urug
 23833 | Lair:5   | Noticed Josephine
 23847 | Lair:5   | Killed Josephine
 24589 | Lair:6   | Entered Level 6 of the Lair of Beasts
 24615 | Lair:5   | HP: 1/135 [spiny frog (16)]
 24616 | Lair:5   | Slain by a spiny frog

Vault maps used:
D:1:      dpeg_arrival_windows_large_door
D:2:      nicolae_overflow_hidden_temple
D:4:      temple_green, first_bread
D:5:      enter_ossuary_3, minmay_misc_feat_encased, lemuel_statue_altar,
          uniq_eustachio
D:6:      gammafunk_temple_overflow_pools, gup_sewer_entry_spiral,
          serial_undead, serial_undead_d, serial_undead_a, serial_undead_c,
          serial_undead_a, kennysheep_generic_room_7
D:7:      lemuel_round_altar, basic_altar, grunt_livestock
D:8:      lightli_temple_of_fire, dpeg_oklobed_lair, zaba_anthell, uniq_maurice
D:9:      regret_index_temple_of_mockery, erik_orc_2, basic_altar
Temple:   regret_index_temple_generic_petals
Lair:1:   enter_volcano_3
Lair:2:   swamp_mist, minmay_hedge_maze, grunt_megastairs_5, uniq_harold
Lair:3:   guppyfry_snake_entry_garden, serial_bayou_pond_e,
          serial_bayou_shore_a, grunt_megastairs_1, lemuel_fruit_tree,
          uniq_fannar
Lair:4:   st_stairs_13, minivault_25, lemuel_altar_in_water2
Lair:5:   roderic_batcave, grunt_megastairs_4, lemuel_fruit_fields,
          uniq_josephine, uniq_urug
Lair:6:   gammafunk_lair_ancient_temple, slime_altar_1
Sewer:    sewer_frog_island_01
Ossuary:  ossuary_crypta
Volcano:  volcano_bunker

Skill      XL: |  1  2  3  4  5  6  7  8  9 10 11 12 13 |
---------------+----------------------------------------+-----
Maces & Flails | 1 2 3 4 5 7 9 12 13 15 16 | 16.4
Invocations    | 2 6 7 8 |  8.0
Dodging        | 4 6 7 |  7.3
Fighting       | 7 9 10 | 10.5
Stealth        | 4 |  4.0

Action                   |  1- 3 |  4- 6 |  7- 9 | 10-12 | 13-15 || total
-------------------------+-------+-------+-------+-------+-------++-------
Melee: Unarmed           |    22 |       |       |       |       ||    22
       Dagger            |    35 |       |       |       |       ||    35
       Whip              |    96 |   277 |       |       |       ||   373
       Flail             |       |    30 |   591 |   150 |       ||   771
       Kick              |       |       |    35 |   102 |    34 ||   171
       Giant spiked club |       |       |       |   325 |   161 ||   486
Invok: Heroism           |       |       |       |    17 |     4 ||    21
  Use: Potion            |     6 |     5 |     9 |     5 |     2 ||    27
       Scroll            |       |     3 |     9 |    10 |     2 ||    24
 Stab: Sleeping          |     4 |     5 |     7 |     3 |     1 ||    20
  Eat: Chunk             |     2 |    13 |    36 |    24 |    12 ||    87
       Fruit             |       |     2 |       |     1 |     2 ||     5
       Royal jelly       |       |       |     1 |       |       ||     1
Armor: Robe              |    38 |    66 |   117 |    78 |       ||   299
       Skin              |    17 |       |    30 |    10 |       ||    57
       Animal skin       |       |       |       |    20 |    55 ||    75
Dodge: Dodged            |    85 |   157 |   290 |   185 |   129 ||   846
